 Dungeon Crawl Stone Soup version 0.28-a0-1344-g6b9ff3a05d (webtiles) character file.

Game seed: 10442699004863612931

505 Deminshera the Conjurer (level 6, 0/38 HPs)
             Began as a Deep Elf Conjurer on Dec 29, 2021.
             Was an Initiate of Ashenzari.
             Shot with a bolt by a kobold (4 damage)
             ... on level 4 of the Dungeon.
             The game lasted 00:09:19 (5020 turns).

Deminshera the Conjurer (Deep Elf Conjurer)         Turns: 5020, Time: 00:09:20

Health: 0/38       AC:  2    Str:  4    XL:     6   Next: 96%
Magic:  3/14       EV:  6    Int: 25    God:    Ashenzari [......]
Gold:   202        SH:  0    Dex: 13    Spells: 6/13 levels left

rFire   . . .      SeeInvis .   o - +0 hunting sling
rCold   . . .      Faith    .   l - +0 buckler
rNeg    . . .      Spirit   .   a - +0 robe
rPois   .          Reflect  .   (no helmet)
rElec   .          Harm     .   (no cloak)
rCorr   .          Rampage  .   (no gloves)
Will    .....                   (no boots)
Stlth   ++........              (no amulet)
HPRegen 0.12/turn               (no ring)
MPRegen 0.14/turn               (no ring)

@: held
A: no striking features
a: Renounce Religion


You were on level 4 of the Dungeon.
You worshipped Ashenzari.
Ashenzari was noncommittal.
You visited 1 branch of the dungeon, and saw 4 of its levels.

You collected 202 gold pieces.

Inventory:

Hand Weapons
 o - a +0 hunting sling (weapon)
Missiles
 p - 98 stones (quivered ammo)
Armour
 a - a +0 robe (worn)
 l - a +0 buckler (worn)
Scrolls
 b - 3 scrolls of identify {unknown}
 d - a scroll of enchant weapon {unknown}
 f - a scroll of blinking {unknown}
 j - a scroll of holy word {unknown}
 k - a scroll of immolation {unknown}
 m - a scroll of teleportation {unknown}
 q - a scroll of brand weapon {unknown}
Potions
 c - a potion of lignification {unknown}
 e - 2 potions of degeneration {unknown}
 g - 2 potions of invisibility {unknown}
 h - a potion of heal wounds {unknown}
 i - 2 potions of haste {unknown}
 n - a potion of ambrosia {unknown}


   Skills:
 - Level 4.0 Fighting
 - Level 2.4 Dodging
 - Level 3.0 Stealth
 + Level 3.2 Shields
 - Level 4.0 Spellcasting
 - Level 5.0 Conjurations


You had 6 spell levels left.
You knew the following spells:

 Your Spells              Type           Power      Damage    Failure   Level
a - Magic Dart            Conj           100%       1d8       1%          1
b - Searing Ray           Conj           60%        2d6       1%          2
c - Iskenderun's Mystic   Conj/Tloc      17%        2d5       34%         4

Your spell library contained the following spells:

 Spells                   Type           Power      Damage    Failure   Level
 Pain                     Necr           20%        1d5       10%         1
 Dazzling Flash           Conj/Hex       34%        N/A       11%         3
 Fulminant Prism          Conj/Hex       8%         3d7       34%         4
 Agony                    Necr           5%         N/A       95%         5
 Excruciating Wounds      Necr           2%         N/A       95%         5


Dungeon Overview and Level Annotations

Branches:
Dungeon (4/15)
 Temple: D:4-7

Altars:
Ashenzari


Message History

The kobold throws a stone.
You block the stone.
The kobold shoots a bolt.
The bolt hits you!
Casting: Searing Ray (safe; 1% risk of failure)
Confirm with . or Enter, or press ? or * to list all spells.
Restarting spell: Searing Ray (safe; 1% risk of failure)
Press: ? - help, Shift-Dir - straight line, f - kobold brigand
Aim: a kobold brigand, wielding a +0 dagger and quivering 2 throwing nets (74% to hit)
The searing ray hits the kobold!
You kill the kobold!
The searing ray misses the kobold brigand. (Press . to maintain the ray.)
The kobold shoots a bolt.
The bolt hits you.
The kobold shoots a bolt.
The bolt closely misses you.
The kobold brigand throws a throwing net.
The throwing net hits you.
You become entangled in the net!
The searing ray hits the kobold brigand!
The kobold brigand is moderately wounded.
The kobold shoots a bolt.
The bolt hits you but does no damage.
The searing ray hits the kobold brigand!
The kobold brigand is heavily wounded.
The kobold shoots a bolt.
The bolt hits you but does no damage.
The kobold shoots a bolt.
The bolt hits you!
* * * LOW HITPOINT WARNING * * *
Unknown command.
The searing ray hits the kobold brigand.
The kobold brigand is severely wounded.
You finish channelling your searing ray.
Casting: Searing Ray (safe; 1% risk of failure)
Confirm with . or Enter, or press ? or * to list all spells.
Aiming: Searing Ray (safe; 1% risk of failure)
Press: ? - help, Shift-Dir - straight line, p - kobold brigand The searing ray hits the kobold brigand.
The kobold brigand is almost dead.
The searing ray hits the kobold!
You kill the kobold! (Press . to maintain the ray.)
The searing ray hits the kobold brigand!
You kill the kobold brigand!
The kobold shoots a bolt.
The bolt hits you.
You die...

.†........##....##.......##
..........##..............#
.....).....#....###.......#
...##############.<.......#
.### ♣#P♣#♣ ###.......# ##
## P...PP♣###......##...#
.# ..÷...P#.>.........#.#
.# ...)).P#.....#.#.#...#
## ..§.).)@.###.#.#.....#
....K.P### #.#.......#
..÷..PP#####..##......
P≈..##♣#......#.....## ##♣
#.##.........#
#########............#
#.##.....###.#.......#
#####........# #.....#####
#.....#....#.# ####†..#


You could see a kobold.

Vanquished Creatures
  A phantom (D:1)
  A kobold brigand (D:4)
  4 wights (D:4)
  A bullfrog skeleton (D:4)
  Natasha (thrice) (D:2)
  An orc wizard (D:3)
  2 hound skeletons
  3 adders
  A worm (D:2)
  A dart slug (D:2)
  5 orcs (D:3)
  4 ball pythons
  10 endoplasms
  4 giant cockroaches
  12 goblins
  6 hobgoblins
  4 quokkas
  3 bats
  2 frilled lizards (D:1)
  10 kobolds
  A rat (D:3)
79 creatures vanquished.

Vanquished Creatures (others)
  20 plants
20 creatures vanquished.

Grand Total: 99 creatures vanquished

Notes
Turn   | Place    | Note
-------+----------+-------------------------------------------
     0 | D:1      | Deminshera the Deep Elf Conjurer began the quest for the
                  | Orb.
     0 | D:1      | Reached XP level 1. HP: 10/10 MP: 6/6
   255 | D:1      | Reached XP level 2. HP: 15/15 MP: 4/8
   258 | D:1      | Learned a level 2 spell: Searing Ray
  1072 | D:2      | Noticed a phantom
  1084 | D:1      | Killed a phantom
  1085 | D:1      | Reached skill level 5 in Conjurations
  1085 | D:1      | Reached XP level 3. HP: 7/21 MP: 0/10
  1085 | D:1      | Reached XP level 4. HP: 9/26 MP: 0/12
  1328 | D:2      | Learned a level 4 spell: Iskenderun's Mystic Blast
  1591 | D:2      | Noticed Natasha
  1606 | D:2      | Killed Natasha
  1607 | D:2      | Reached XP level 5. HP: 19/32 MP: 7/13
  1764 | D:2      | Noticed Natasha
  1769 | D:2      | Killed Natasha
  1980 | D:2      | Noticed Natasha
  1984 | D:2      | Killed Natasha
  3062 | D:3      | Found a broken altar of Ashenzari.
  3368 | D:3      | Became a worshipper of Ashenzari the Shackled
  3403 | D:3      | Reached XP level 6. HP: 29/38 MP: 7/14
  3478 | D:3      | Reached skill level 1 in Shields
  5020 | D:4      | Shot with a bolt by a kobold

Illustrated notes

Levels and vault maps discovered:
D:1:      scummos_arrival_forest, layout_loops_cross, serial_bayou,
          serial_bayou_shore_a, serial_bayou_shore_b, serial_bayou_ford_a,
          serial_bayou_pond_c, supply_closet_lemuel
D:2:      layout_basic, minmay_statues_item, uniq_natasha
D:3:      layout_loops_corners, nicolae_ashenzari_panopticon
D:4:      kennysheep_big_flooded_room, layout_basic, lexackson_kobold_supper

Skill      XL: |  1  2  3  4  5  6 |
---------------+-------------------+-----
Stealth        | 3 |  3.0
Spellcasting   | 4 |  4.0
Conjurations   | 5 |  5.0
Fighting       | 2 3 4 |  4.0
Shields        | 3 |  3.2
Dodging        | |  2.4

Action                   |  1- 3 |  4- 6 || total
-------------------------+-------+-------++-------
Melee: Unarmed           |       |     7 ||     7
 Fire: Hunting sling     |       |     4 ||     4
 Cast: Magic Dart        |    27 |    99 ||   126
       Searing Ray       |     7 |    19 ||    26
Armor: Robe              |       |     3 ||     3
Dodge: Dodged            |     1 |    20 ||    21
Block: Buckler           |       |     4 ||     4

Table legend: (Time is in decaauts)
 A = Elapsed time spent in this place.
 B = Non-inter-level travel time spent in this place.
 C = Inter-level travel time spent in this place.
 D = Time resting spent in this place.
 E = Time spent auto-exploring this place.
 F = Levels seen in this place.
 G = Mean time per level.
                   A        B        C        D        E       F      G
               +--------+--------+--------+--------+--------+-----+--------+
         Total |   5052 |   4754 |    298 |   1408 |   2920 |   4 | 1263.0 |
       Dungeon |   5052 |   4754 |    298 |   1408 |   2920 |   4 | 1263.0 |
               +--------+--------+--------+--------+--------+-----+--------+

Top non-repeatable levels by time:
     D:2: 1713 daAuts
     D:1: 1220 daAuts
     D:4: 1156 daAuts
     D:3: 962 daAuts
